[Event "*** Titled Tuesday Blitz"]
[Site "Chess.com"]
[Date "2020.02.04"]
[Round "1"]
[White "doons21"]
[Black "WelshTiger"]
[Result "1-0"]
[WhiteElo "2657"]
[BlackElo "2268"]
[TimeControl "180+2"]
[EndTime "9:02:44 PST"]
[Termination "doons21 won by resignation"]

1. e4 c5 2. c3 Nf6 3. e5 Nd5 4. d4 cxd4 5. Nf3 Nc6 6. Bc4 Nb6 7. Bb3 d5 8. exd6 Qxd6 9. O-O e6 10.
cxd4 Be7 11. Nc3 Nd5 12. Qe2 O-O 13. Rd1 b5 14. Nxb5 Qd8 15. Nc3 a5 16. Bc2 Ba6 17. Qe4 f5 18. Qxe6+ Kh8 19. Nxd5 1-0

[Event "*** Titled Tuesday Blitz"]
[Site "Chess.com"]
[Date "2020.02.04"]
[Round "1"]
[White "dretch"]
[Black "NFChess13"]
[Result "1-0"]
[WhiteElo "2804"]
[BlackElo "2409"]
[TimeControl "180+2"]
[EndTime "9:03:16 PST"]
[Termination "dretch won by checkmate"]

1. d4 Nf6 2. c4 g6 3. Nc3 d5 4. e3 Bg7 5. Qb3 e6 6. Qa3 Qe7 7. Qxe7+ Kxe7 8. b3 c6 9. Nf3 Nbd7 10. Ba3+ Kd8 11.
Rc1 Re8 12. Ng5 e5 13. Nxf7+ Kc7 14. Bd6+ Kb6 15. c5+ Ka5 16. a3 b5 17. Bc7+ Ka6 18. Nd6 exd4 19. Ncxb5 dxe3 20. Nxe8 Nxe8 21. Nd6+ e2 22.
Bxe2# 1-0

[Event "*** Titled Tuesday Blitz"]
[Site "Chess.com"]
[Date "2020.02.04"]
[Round "1"]
[White "Sjakkerntobi"]
[Black "NewBornNow"]
[Result "0-1"]
[WhiteElo "2284"]
[BlackElo "2666"]
[TimeControl "180+2"]
[EndTime "9:03:41 PST"]
[Termination "NewBornNow won by resignation"]

1. e4 d6 2. d4 Nf6 3. Nc3 e5 4. dxe5 dxe5 5. Qxd8+ Kxd8 6. Bg5 Be6 7. O-O-O+ Nd7 8. Nf3 h6 9. Bh4 Kc8 10. Nd2 Bb4 11. Bc4 Bxc3 12. bxc3 Bxc4 13. Nxc4 Nxe4 14. Rhe1 Nxc3 15. Rd2 g5 16. Bg3 f6 17. Kb2 Na4+ 18.
Kb3 Ndc5+ 19. Ka3 a5 20. f3 b5 21. Nxa5 Rxa5 22. Kb4 Ra6 23. Bf2 Rc6 24. Kxb5 Kb7 25. Rb1 Nc3+ 0-1

[Event "*** Titled Tuesday Blitz"]
[Site "Chess.com"]
[Date "2020.02.04"]
[Round "1"]
[White "WorldChampionBulletChess"]
[Black "Kobalia"]
[Result "0-1"]
[WhiteElo "2111"]
[BlackElo "2576"]
[TimeControl "180+2"]
[EndTime "9:04:04 PST"]
[Termination "Kobalia won by resignation"]

1. d4 d5 2. c4 c6 3. Nf3 Nf6 4. Nc3 a6 5. Bf4 dxc4 6. a4 Nd5 7. Bxb8 Rxb8 8. e4 Nxc3 9. bxc3 b5 10. Qc2 Bg4 11.
Ne5 Bd7 12. Be2 e6 13. axb5 axb5 14. O-O Bd6 15. f4 O-O 16. Ra7 Bxe5 17. dxe5 Qb6+ 18. Kh1 Qxa7 19. f5 Ra8 20. f6 Qe3 21. fxg7 Rfd8 22. Rf3 Qg5 23. h3 Ra1+ 24. Kh2 Qxe5+ 25. Rg3 Be8 26.
Bg4 Rd3 27. Bf3 Rh1+ 28. Kxh1 Qxg3 29. e5 Re3 0-1

[Event "*** Titled Tuesday Blitz"]
[Site "Chess.com"]
[Date "2020.02.04"]
[Round "1"]
[White "iturrizaga"]
[Black "cholzan"]
[Result "0-1"]
[WhiteElo "2871"]
[BlackElo "2501"]
[TimeControl "180+2"]
[EndTime "9:04:05 PST"]
[Termination "cholzan won on time"]

1. c4 Nf6 2. g3 d6 3. Bg2 e5 4. Nc3 c6 5. Nf3 Nbd7 6. d4 Be7 7. O-O O-O 8. e4 a6 9. a4 a5 10. h3 Re8 0-1

[Event "*** Titled Tuesday Blitz"]
[Site "Chess.com"]
[Date "2020.02.04"]
[Round "1"]
[White "Bigfish1995"]
[Black "AleksanderHnydiuk"]
[Result "1-0"]
[WhiteElo "3057"]
[BlackElo "2534"]
[TimeControl "180+2"]
[EndTime "9:04:21 PST"]
[Termination "Bigfish1995 won by resignation"]

1. d4 Nf6 2. Bg5 d5 3. e3 c5 4.
Bxf6 gxf6 5. dxc5 e6 6. Nf3 Bxc5 7. Nbd2 Nc6 8. Be2 f5 9. O-O O-O 10. c4 dxc4 11. Qa4 Bd7 12. Qxc4 Qe7 13. Rac1 Bd6 14. e4 fxe4 15. Nxe4 Ne5 16. Qd4 1-0

[Event "*** Titled Tuesday Blitz"]
[Site "Chess.com"]
[Date "2020.02.04"]
[Round "1"]
[White "BeanScreen"]
[Black "GM-2023"]
[Result "1-0"]
[WhiteElo "2558"]
[BlackElo "2067"]
[TimeControl "180+2"]
[EndTime "9:04:35 PST"]
[Termination "BeanScreen won by resignation"]

1. e4 e5 2. Nf3 Nc6 3. Bc4 Nf6 4. d3 Bc5 5. c3 O-O 6. Nbd2 d5 7. exd5 Nxd5 8. Ne4 Bb6 9. O-O Bg4 10. h3 Bh5 11.
Re1 h6 12. Bxh6 f5 13. Bg5 Qd7 14. Ng3 Bxf3 15. Qxf3 e4 16. dxe4 fxe4 17. Qxe4 Bxf2+ 18. Kh2 Bxg3+ 19. Kxg3 Qd6+ 20. Bf4 1-0

[Event "*** Titled Tuesday Blitz"]
[Site "Chess.com"]
[Date "2020.02.04"]
[Round "1"]
[White "vovachesss"]
[Black "Saloni1299"]
[Result "1-0"]
[WhiteElo "2576"]
[BlackElo "2120"]
[TimeControl "180+2"]
[EndTime "9:04:38 PST"]
[Termination "vovachesss won by resignation"]

1. e4 e6 2. Qe2 c5 3. Nf3 Nc6 4. g3 Nge7 5. Bg2 d5 6. exd5 Nxd5 7. O-O g6 8. Nc3 Nxc3 9. dxc3 Bg7 10. Rd1 Qe7 11. Bg5 Bf6 12. Bxf6 Qxf6 13. Qe3 Qe7 14. Ng5 O-O 15. Ne4 b6 16. Rd6 Bb7 17. Rd7 Qe8 18. Nf6+ 1-0

[Event "*** Titled Tuesday Blitz"]
[Site "Chess.com"]
[Date "2020.02.04"]
[Round "1"]
[White "MasterKroket"]
[Black "AtabayevSaparmyrat"]
[Result "0-1"]
[WhiteElo "2408"]
[BlackElo "2793"]
[TimeControl "180+2"]
[EndTime "9:04:42 PST"]
[Termination "AtabayevSaparmyrat won by resignation"]

1. d4 Nf6 2. c4 e6 3. Nf3 d5 4.
Nc3 c5 5. cxd5 Nxd5 6. e4 Nxc3 7. bxc3 cxd4 8. cxd4 Bb4+ 9. Bd2 Bxd2+ 10. Qxd2 O-O 11. Bd3 b6 12. O-O Bb7 13. Rfe1 Nd7 14. Rad1 Rc8 15. Qf4 h6 16. d5 Qf6 17. Qd6 Nc5 18. e5 Qf4 19.
dxe6 Bxf3 20. gxf3 fxe6 21. Be4 Nxe4 22. Qxe6+ Kh8 23.
Rxe4 Qxf3 24. Qg4 Qxf2+ 25. Kh1 Rc2 26. Qh3 Rf3 0-1

[Event "*** Titled Tuesday Blitz"]
[Site "Chess.com"]
[Date "2020.02.04"]
[Round "1"]
[White "GMHellers"]
[Black "GMSrinath"]
[Result "0-1"]
[WhiteElo "2507"]
[BlackElo "2986"]
[TimeControl "180+2"]
[EndTime "9:05:13 PST"]
[Termination "GMSrinath won by resignation"]

1. e4 c5 2. Nf3 d6 3. d4 cxd4 4. Nxd4 Nf6 5. Nc3 Nc6 6. Bg5 e6 7. Qd2 a6 8. O-O-O Be7 9. f3 O-O 10. h4 Nxd4 11. Qxd4 b5 12. h5 h6 13. Be3 Qa5 14.
Kb1 b4 15. Ne2 e5 16. Qd2 Be6 17. Nc1 d5 18. Nb3 Qc7 19. exd5 Nxd5 20. Bd3 a5 21. Qf2 Rac8 22. Be4 Nxe3 23. Qxe3 a4 24. Nc1 a3 25. b3 f5 26. Bd3 Qc3 0-1

[Event "*** Titled Tuesday Blitz"]
[Site "Chess.com"]
[Date "2020.02.04"]
[Round "1"]
[White "gena217"]
[Black "ChessPromotionAlex"]
[Result "1-0"]
[WhiteElo "3003"]
[BlackElo "2520"]
[TimeControl "180+2"]
[EndTime "9:05:21 PST"]
[Termination "gena217 won by resignation"]

1. e4 c5 2. Nf3 d6 3. Bb5+ Bd7 4.
c4 Nc6 5. O-O Nf6 6. Nc3 g6 7.
d4 cxd4 8. Nxd4 Bg7 9. Be3 Ng4 10.
Nxc6 bxc6 11. Bxc6 Nxe3 12. Bxd7+ Qxd7 13. fxe3 Bxc3 14.
bxc3 O-O-O 15. Rb1 Qc6 16. Rxf7 Qxe4 17. Qb3 Kd7 18.
Qb7+ Qxb7 19. Rxb7+ Kc6 20. Rfxe7 Rc8 21. Rxa7 h5 22.
Kf2 Rhe8 23. Rxe8 Rxe8 24. Rg7 Re6 25. Ke2 Rf6 26. h4 d5 27. cxd5+ Kxd5 28. Kd3 Ke5 29. a4 Ra6 30. Re7+ Kf6 31. Re4 Kf5 32. Rf4+ Ke5 33. Rb4 Rd6+ 34. Kc2 Rf6 35. a5 Ra6 36. Ra4 1-0

[Event "*** Titled Tuesday Blitz"]
[Site "Chess.com"]
[Date "2020.02.04"]
[Round "1"]
[White "BocharovD"]
[Black "eCztery"]
[Result "1-0"]
[WhiteElo "2740"]
[BlackElo "2370"]
[TimeControl "180+2"]
[EndTime "9:05:32 PST"]
[Termination "BocharovD won by resignation"]

1. c4 c5 2. Nf3 Nc6 3. Nc3 g6 4. e3 Bg7 5. d4 cxd4 6. exd4 d6 7.
Be2 Nf6 8. d5 Nb8 9. O-O O-O 10.
Be3 Bg4 11. Nd4 Bxe2 12. Qxe2 Nbd7 13. Rac1 Rc8 14. b3 a6 15. Rfd1 Qa5 16. h3 Nc5 17. Qb2 Qd8 18. b4 Nce4 19. Nxe4 Nxe4 20. Qb3 Qd7 21. a4 a5 22. bxa5 Nc5 23. Qb5 Qxb5 24. axb5 Bxd4 25. Bxd4 Nb3 26. Rc3 Nxa5 27. Rdc1 Ra8 28.
Bb6 Rfc8 29. Ra3 Nxc4 30. Rxc4 Rxc4 31. Rxa8+ Kg7 32. Be3 b6 33. Rb8 1-0

[Event "*** Titled Tuesday Blitz"]
[Site "Chess.com"]
[Date "2020.02.04"]
[Round "1"]
[White "bazar-wokzal"]
[Black "Ariadna_Atreides"]
[Result "1-0"]
[WhiteElo "2554"]
[BlackElo "2055"]
[TimeControl "180+2"]
[EndTime "9:05:34 PST"]
[Termination "bazar-wokzal won by resignation"]

1. e4 c5 2. c3 d5 3. exd5 Qxd5 4.
d4 Nf6 5. Nf3 Bg4 6. dxc5 Qxc5 7. h3 Bh5 8. Be3 Qc7 9. Na3 a6 10. Qa4+ Nbd7 11. Bf4 Qc8 12. g4 Bg6 13. Ne5 b5 14. Qd4 e6 15. Nxb5 axb5 16. Bxb5 Bc5 17. Nxd7 Nxd7 18. Bxd7+ Qxd7 19. Qxc5 Rc8 20. Qd6 Qb7 21.
O-O-O Rb8 22. Qxb8+ 1-0

[Event "*** Titled Tuesday Blitz"]
[Site "Chess.com"]
[Date "2020.02.04"]
[Round "1"]
[White "Aygehovit1992"]
[Black "Colombiano07"]
[Result "1-0"]
[WhiteElo "2623"]
[BlackElo "2242"]
[TimeControl "180+2"]
[EndTime "9:05:41 PST"]
[Termination "Aygehovit1992 won by resignation"]

1. e4 c5 2. Nc3 Nc6 3. Bb5 g6 4. f4 Bg7 5. Bxc6 bxc6 6. Nf3 Nh6 7. O-O O-O 8. d3 d5 9. Qe1 Rb8 10. f5 c4 11. Qh4 e6 12. f6 Qxf6 13. Bg5 Nf5 14. Qe1 Qxg5 15. Nxg5 Nd4 16. dxc4 Nxc2 17. Qg3 Rxb2 18. Rab1 Rxb1 19. Rxb1 d4 20. Nd1 e5 21. Rb8 h6 22. Nxf7 Kxf7 23. Qf2+ Ke7 24. Qxc2 Rd8 1-0

[Event "*** Titled Tuesday Blitz"]
[Site "Chess.com"]
[Date "2020.02.04"]
[Round "1"]
[White "LastGladiator1"]
[Black "Andro2"]
[Result "1-0"]
[WhiteElo "2819"]
[BlackElo "2430"]
[TimeControl "180+2"]
[EndTime "9:05:53 PST"]
[Termination "LastGladiator1 won by resignation"]

1. d4 e6 2. Nf3 b6 3. c4 Bb7 4.
Nc3 Nf6 5. Bg5 Be7 6. Nd2 O-O 7. e3 h6 8. Bxf6 Bxf6 9. Nde4 Be7 10. Be2 f5 11.
Ng3 Bxg2 12. Rg1 Bb7 13. Nh5 Rf7 14. Qd2 d6 15. Nf4 Qc8 16. Bh5 Rf6 17. O-O-O Nd7 18. d5 Nf8 19. dxe6 Nxe6 20. Ncd5 Bd8 21. Nxf6+ Bxf6 22. Nd5 Qd8 23. Rg6 Nf8 24. Nxf6+ Kh8 25. Rdg1 Nxg6 26.
Rxg6 gxf6 27. e4 Qf8 28. Rxh6+ Kg7 29. Rg6+ Kh7 30. Qf4 Bxe4 31. Qh4 Qe7 32. Rg1 1-0

[Event "*** Titled Tuesday Blitz"]
[Site "Chess.com"]
[Date "2020.02.04"]
[Round "1"]
[White "Elshan1985"]
[Black "DinaBelenkaya"]
[Result "1-0"]
[WhiteElo "2690"]
[BlackElo "2299"]
[TimeControl "180+2"]
[EndTime "9:05:57 PST"]
[Termination "Elshan1985 won on time"]

1. c4 c6 2. d4 d5 3. Nf3 e6 4. Bg5 Qb6 5. Nbd2 Qxb2 6. e3 Nd7 7. Bd3 Qa3 8. Qc2 Ngf6 9. O-O h6 10. Bf4 g5 11.
Bg3 Qe7 12. e4 dxe4 13. Bxe4 Bg7 14. Rfe1 O-O 15. Bd3 b6 16. a4 a5 17. Rab1 Bb7 18. c5 Nd5 19. Bd6 Qd8 20. Bxf8 Bxf8 21. Be4 Nb4 22. Qc3 bxc5 23. dxc5 Bg7 24. Qe3 f5 25. Bd3 Nxc5 26. Bc4 Nxa4 27. Qxe6+ Kh8 28. Qxf5 Nc3 29. Ne5 1-0

[Event "*** Titled Tuesday Blitz"]
[Site "Chess.com"]
[Date "2020.02.04"]
[Round "1"]
[White "Korchmar_Vasiliy"]
[Black "2nd_life"]
[Result "1-0"]
[WhiteElo "2824"]
[BlackElo "2432"]
[TimeControl "180+2"]
[EndTime "9:06:03 PST"]
[Termination "Korchmar_Vasiliy won by resignation"]

1. d4 Nf6 2. c4 e6 3. g3 c5 4. d5 exd5 5. cxd5 d6 6. Nc3 g6 7.
Bg2 Bg7 8. Nf3 O-O 9. O-O Re8 10. Bf4 Ne4 11. Nxe4 Rxe4 12. Nd2 Rxf4 13. gxf4 Bxb2 14. Rb1 Bg7 15. e4 Nd7 16. Re1 Qh4 17. Qf3 Bh6 18. Qg3 Qxf4 19. Nc4 Qxg3 20. fxg3 Bf8 21. e5 dxe5 22. d6 f6 23. Bxb7 Bxb7 24. Rxb7 Nb6 25.
Nxb6 axb6 26. Rd1 Rd8 27. Rxb6 Kf7 28. a4 Ke8 29. a5 Kd7 30. a6 Ra8 31. Rb7+ Kc6 32.
Rf7 f5 33. d7 1-0

[Event "*** Titled Tuesday Blitz"]
[Site "Chess.com"]
[Date "2020.02.04"]
[Round "1"]
[White "HouseOfDurin"]
[Black "korbul"]
[Result "0-1"]
[WhiteElo "2073"]
[BlackElo "2560"]
[TimeControl "180+2"]
[EndTime "9:06:03 PST"]
[Termination "korbul won on time"]

1. d4 Nf6 2. Bg5 b6 3. Bxf6 exf6 4. c4 Bb7 5. Nc3 Bb4 6. e3 O-O 7. Ne2 Re8 8. a3 Bf8 9. Nf4 c5 10. d5 d6 11. Bd3 g6 12. h4 a6 13. h5 f5 14. Qf3 Nd7 15. h6 Ne5 16. Qg3 b5 17. cxb5 Nxd3+ 18. Nxd3 axb5 19. b4 cxb4 20. Nxb4 Qf6 21. Kd2 Rec8 22. Rhc1 Bxh6 23. Nd3 Bg7 24. Nxb5 Bxd5 25. Qxd6 Rd8 0-1

[Event "*** Titled Tuesday Blitz"]
[Site "Chess.com"]
[Date "2020.02.04"]
[Round "1"]
[White "Mr_Sinigami"]
[Black "Endgamegenius"]
[Result "1-0"]
[WhiteElo "2720"]
[BlackElo "2332"]
[TimeControl "180+2"]
[EndTime "9:06:07 PST"]
[Termination "Mr_Sinigami won by resignation"]

1. g3 e5 2. Bg2 Nc6 3. c4 Nf6 4. Nc3 Bc5 5. d3 d6 6. Nf3 O-O 7.
O-O a6 8. a3 Ba7 9. b4 Bf5 10.
Bg5 h6 11. Bxf6 Qxf6 12. e3 Kh8 13. Qe2 Ne7 14. Nd2 Rab8 15. a4 Qg6 16. Nde4 Bg4 17. Qc2 f5 18. Nd2 f4 19. exf4 exf4 20. Nd5 Nf5 21.
Nxf4 Qf7 22. Bd5 Nd4 23. Bxf7 Nxc2 24. Ng6+ Kh7 25. Nxf8+ Rxf8 26. Rac1 Nxb4 27. Bd5 Nxd3 28. Be4+ Bf5 29. Rb1 Nxf2 30. Bxf5+ Rxf5 31. Rxb7 Bc5 32. Kg2 c6 33. Ne4 Nxe4 34. Rxf5 1-0

[Event "*** Titled Tuesday Blitz"]
[Site "Chess.com"]
[Date "2020.02.04"]
[Round "1"]
[White "Rud_Makarian"]
[Black "cottage_cheese"]
[Result "1-0"]
[WhiteElo "2607"]
[BlackElo "2128"]
[TimeControl "180+2"]
[EndTime "9:06:07 PST"]
[Termination "Rud_Makarian won by checkmate"]

1. Nf3 c5 2. g3 Nc6 3. Bg2 g6 4. O-O Bg7 5. c4 d6 6. Nc3 e6 7.
e3 Nge7 8. d4 O-O 9. d5 exd5 10.
cxd5 Ne5 11. Nxe5 Bxe5 12. e4 f5 13. Bh6 Rf7 14. Qd2 Bd7 15. Kh1 Qa5 16. f4 Bd4 17. e5 dxe5 18. fxe5 Bxe5 19. d6 Nc8 20. Bd5 Bc6 21. d7 Nd6 22. Rae1 Bxc3 23. bxc3 Bxd5+ 24. Qxd5 Qc7 25. Re7 Rd8 26. Rfe1 Rxd7 27. Qxf7+ Nxf7 28. Re8# 1-0

[Event "*** Titled Tuesday Blitz"]
[Site "Chess.com"]
[Date "2020.02.04"]
[Round "1"]
[White "sganerdene"]
[Black "MaxLeto"]
[Result "1-0"]
[WhiteElo "2738"]
[BlackElo "2358"]
[TimeControl "180+2"]
[EndTime "9:06:14 PST"]
[Termination "sganerdene won by resignation"]

1. e4 c5 2. Nf3 d6 3. d4 cxd4 4.
Nxd4 Nf6 5. Nc3 a6 6. Be3 Ng4 7. Bc1 Nf6 8. h3 e6 9. g4 Nfd7 10. Bg2 Qc7 11. Be3 b5 12. a3 Bb7 13. Qe2 Nb6 14. O-O Nc4 15. Bc1 Nc6 16. Ndxb5 axb5 17. Nxb5 Qb6 18. Qxc4 Ba6 19. a4 Bxb5 20. axb5 Rxa1 21. bxc6 Be7 22. Be3 Rxf1+ 23. Bxf1 Qc7 24. b4 d5 25. exd5 exd5 26. Qxd5 Bxb4 27. Qe4+ Qe7 28.
c7 Kd7 29. Bb5+ Kxc7 30. Qc6+ Kb8 31. Bf4+ 1-0

[Event "*** Titled Tuesday Blitz"]
[Site "Chess.com"]
[Date "2020.02.04"]
[Round "1"]
[White "Firouzja2003"]
[Black "WPWPWP-2015"]
[Result "1-0"]
[WhiteElo "3165"]
[BlackElo "2547"]
[TimeControl "180+2"]
[EndTime "9:06:18 PST"]
[Termination "Firouzja2003 won on time"]

1. e4 e5 2. Nf3 Nf6 3. Nxe5 d6 4. Nf3 Nxe4 5. c4 c6 6. d4 d5 7. Bd3 Bd6 8. O-O O-O 9. Nc3 Nxc3 10. bxc3 dxc4 11.
Bxc4 Bg4 12. h3 Bh5 13. Re1 Nd7 14. Bd3 c5 15. Rb1 cxd4 16. cxd4 Nb6 17. Rb5 Bg6 18. Ng5 Re8 19. Bxg6 hxg6 20. Be3 Qd7 21. Qb3 Bc7 22. a4 Rad8 23. a5 Nd5 24. Rxb7 Qd6 25. g3 Bxa5 26. Nxf7 Qe6 27. Nxd8 Rxd8 28. Bd2 1-0

[Event "*** Titled Tuesday Blitz"]
[Site "Chess.com"]
[Date "2020.02.04"]
[Round "1"]
[White "Chimpinha"]
[Black "GMKrikor"]
[Result "0-1"]
[WhiteElo "2455"]
[BlackElo "2852"]
[TimeControl "180+2"]
[EndTime "9:06:19 PST"]
[Termination "GMKrikor won by resignation"]

1. d4 Nf6 2. c4 e6 3. Nc3 Bb4 4. Nf3 d5 5. cxd5 exd5 6. Bg5 h6 7. Bxf6 Qxf6 8. Qa4+ Nc6 9. e3 O-O 10. Be2 Be6 11.
O-O a6 12. Rac1 Bd6 13. e4 dxe4 14. Nxe4 Qf4 15. Nxd6 Qxd6 16. Rfd1 Bd5 17. a3 Rfe8 18. Rd2 Rad8 19. b4 Qf4 20. Qd1 Bxf3 21. Bxf3 Nxd4 22. Rd3 Nxf3+ 0-1

[Event "*** Titled Tuesday Blitz"]
[Site "Chess.com"]
[Date "2020.02.04"]
[Round "1"]
[White "GHANDEEVAM2003"]
[Black "Kirill_Kopenkin"]
[Result "1-0"]
[WhiteElo "2951"]
[BlackElo "2510"]
[TimeControl "180+2"]
[EndTime "9:06:24 PST"]
[Termination "GHANDEEVAM2003 won by resignation"]

1. b3 Nf6 2. Bb2 g6 3. g3 Bg7 4. Bg2 O-O 5. Nf3 d6 6. d4 Nbd7 7. O-O Re8 8. c4 e5 9. dxe5 Ng4 10. Nc3 dxe5 11. Qc2 c6 12. Ne4 Qc7 13. Rad1 Ndf6 14. Nd6 Re7 15. h3 Nh6 16. Bxe5 Qa5 17. Bc3 Qh5 18. Nxc8 Rxc8 19. g4 Nfxg4 20. hxg4 Nxg4 21. Bxg7 Kxg7 22. Rd4 Rce8 23. e3 Re6 24. Rf4 Kg8 25.
Rd1 g5 26. Rf5 Rg6 27. Rd7 Nf6 28. Rxb7 Qh6 29. Ne5 Rxe5 30. Rxe5 Ng4 31. Re8+ Kg7 32. Qf5 1-0

[Event "*** Titled Tuesday Blitz"]
[Site "Chess.com"]
[Date "2020.02.04"]
[Round "1"]
[White "Azatic"]
[Black "SabinaFoisor"]
[Result "1-0"]
[WhiteElo "2635"]
[BlackElo "2254"]
[TimeControl "180+2"]
[EndTime "9:06:24 PST"]
[Termination "Azatic won by checkmate"]

1. e4 e5 2. Nf3 Nc6 3. Bb5 a6 4. Ba4 Nf6 5. O-O Be7 6. Re1 b5 7. Bb3 O-O 8. d4 d6 9. c3 Bg4 10. Be3 exd4 11. cxd4 d5 12. e5 Ne4 13. Nc3 Nxc3 14.
bxc3 a5 15. a4 b4 16. c4 dxc4 17. Bxc4 Bxf3 18. gxf3 Bg5 19. f4 Bh6 20. Kh1 Ne7 21.
Qg4 Qc8 22. e6 f5 23. Qg2 c6 24. d5 cxd5 25. Bxd5 Nxd5 26. Qxd5 Qd8 27. Qb3 Kh8 28. Bc5 Re8 29. e7 Qc7 30. Rac1 Qxf4 31. Qd5 Qh4 32. Rc4 Bf4 33. Rxf4 Qxf4 34. Qxa8 Rxa8 35.
e8=Q+ Rxe8 36. Rxe8# 1-0

[Event "*** Titled Tuesday Blitz"]
[Site "Chess.com"]
[Date "2020.02.04"]
[Round "1"]
[White "isla88"]
[Black "VincentKeymer"]
[Result "0-1"]
[WhiteElo "2296"]
[BlackElo "2686"]
[TimeControl "180+2"]
[EndTime "9:06:27 PST"]
[Termination "VincentKeymer won on time"]

1. c4 e6 2. Nc3 Nf6 3. e4 d6 4. d4 g6 5. Be2 Bg7 6. h4 c5 7. d5 exd5 8. cxd5 O-O 9. h5 b5 10. hxg6 fxg6 11. Bxb5 Ba6 12. Bxa6 Nxa6 13. Nge2 c4 14.
Be3 Ng4 15. Bd4 Nc5 16. Bxc5 dxc5 17. Qd2 Nxf2 18. O-O Qh4 19. d6 Ng4 20. Rxf8+ Rxf8 21. Qd5+ Kh8 22. Nf4 Bd4+ 0-1

[Event "*** Titled Tuesday Blitz"]
[Site "Chess.com"]
[Date "2020.02.04"]
[Round "1"]
[White "AntonSmirnov"]
[Black "LLRChess"]
[Result "1-0"]
[WhiteElo "2924"]
[BlackElo "2503"]
[TimeControl "180+2"]
[EndTime "9:06:35 PST"]
[Termination "AntonSmirnov won on time"]

1. e4 c5 2. Nf3 d6 3. d4 cxd4 4. Nxd4 Nf6 5. Nc3 Nc6 6. Bg5 e6 7. Qd2 a6 8. O-O-O Bd7 9. f4 h6 10. Bh4 b5 11. Bxf6 gxf6 12. Kb1 Qb6 13. Nce2 h5 14.
h4 Bh6 15. Rh3 Ke7 16. Rd3 Rad8 17. g3 Na5 18. Nc3 Nc4 19. Qe1 Rc8 20. Nf5+ Kf8 21.
Nxd6 Na5 22. Nxc8 Bxc8 23. Qe3 Qc7 24. Rd8+ Kg7 25. Rxh8 Kxh8 26. Qd4 Kg7 27. Qd8 Qxd8 28. Rxd8 Bb7 29. Bd3 b4 30. Na4 Bc6 31. Nc5 1-0

[Event "*** Titled Tuesday Blitz"]
[Site "Chess.com"]
[Date "2020.02.04"]
[Round "1"]
[White "Reality-Stone"]
[Black "Indianlad"]
[Result "0-1"]
[WhiteElo "2499"]
[BlackElo "2895"]
[TimeControl "180+2"]
[EndTime "9:06:36 PST"]
[Termination "Indianlad won by resignation"]

1. d4 Nf6 2. c4 g6 3. Nc3 Bg7 4. e4 O-O 5. h3 c5 6. d5 d6 7.
Be3 e6 8. Bd3 Nbd7 9. Nf3 e5 10.
O-O Nh5 11. Be2 Nf4 12. Bxf4 exf4 13. Qd2 g5 14. a3 Ne5 15. Nxe5 Bxe5 16. Bg4 Bxg4 17.
hxg4 h5 18. gxh5 g4 19. g3 Qf6 20. f3 fxg3 21. fxg4 Qh4 22. Rad1 Rae8 23. Rf5 f6 24. g5 Bd4+ 25. Kg2 Qh2+ 26. Kf3 Qxh5+ 27. Kxg3 Bxc3 28. bxc3 Rxe4 29. Rf4 Rxf4 30. Qxf4 Qxd1 31. gxf6 Qd3+ 32. Kh4 Qg6 0-1

[Event "*** Titled Tuesday Blitz"]
[Site "Chess.com"]
[Date "2020.02.04"]
[Round "1"]
[White "inegrepus"]
[Black "Snegokhod"]
[Result "0-1"]
[WhiteElo "2255"]
[BlackElo "2627"]
[TimeControl "180+2"]
[EndTime "9:06:38 PST"]
[Termination "Snegokhod won by resignation"]

1. d4 Nf6 2. c4 g6 3. Nc3 d5 4. Nf3 Bg7 5. Qb3 dxc4 6. Qxc4 O-O 7. e4 c6 8. Be3 a5 9. Be2 a4 10. O-O Qa5 11. a3 Nbd7 12. Rfd1 Nb6 13. Qd3 Be6 14. Ng5 Bc4 15. Qd2 Rfd8 16. e5 Nfd5 17. e6 f6 18. Nf7 Nxc3 19. Bxc4 Nxc4 20. Qxc3 Qxc3 21. bxc3 Rd5 22. Bh6 Rb5 23. Rdb1 Rxb1+ 24. Rxb1 Nxa3 25. Rxb7 Nb5 26. Bxg7 Kxg7 27. Rxe7 f5 28. Ng5+ Kf6 29. Rf7+ Kxg5 30. e7 Re8 0-1

[Event "*** Titled Tuesday Blitz"]
[Site "Chess.com"]
[Date "2020.02.04"]
[Round "1"]
[White "novocane"]
[Black "RoelandPruijssers"]
[Result "0-1"]
[WhiteElo "2144"]
[BlackElo "2590"]
[TimeControl "180+2"]
[EndTime "9:06:41 PST"]
[Termination "RoelandPruijssers won by resignation"]

1. d4 f5 2. Bg5 g6 3. h4 h6 4. Bf4 Bg7 5. e3 d6 6. Nf3 Nf6 7. c4 e6 8. Nc3 Qe7 9. Qb3 O-O 10. O-O-O Nc6 11. Be2 e5 12. dxe5 dxe5 13. Bh2 Ng4 14. Nd5 Qf7 15. Bg1 Rb8 16. Nd2 Be6 17. f3 Nf6 18. e4 Nd4 19. Bxd4 exd4 20. Bd3 fxe4 21. Nxf6+ Bxf6 22. Nxe4 Bg7 23. Kb1 b5 24. Nd2 bxc4 0-1

[Event "*** Titled Tuesday Blitz"]
[Site "Chess.com"]
[Date "2020.02.04"]
[Round "1"]
[White "Atakishiyev04"]
[Black "mortngabriel"]
[Result "1-0"]
[WhiteElo "2791"]
[BlackElo "2407"]
[TimeControl "180+2"]
[EndTime "9:06:42 PST"]
[Termination "Atakishiyev04 won by resignation"]

1. d4 Nf6 2. c4 e6 3. Nf3 b6 4.
a3 Ba6 5. e3 c5 6. Nc3 cxd4 7.
exd4 d5 8. Bg5 Be7 9. cxd5 Bxf1 10. Kxf1 Nxd5 11. Bxe7 Nxe7 12. g3 O-O 13. Kg2 Nbc6 14.
Qd3 Rc8 15. Rad1 Nd5 16. Ne4 Nf6 17. Rhe1 Nxe4 18. Qxe4 Ne7 19. h4 Qd5 20. Qxd5 Nxd5 21. Rc1 g6 22. Ne5 Kg7 23. h5 Rfd8 24. h6+ Kf8 25. Kf3 f6 26. Nc6 Rd6 27. Nxa7 Rxc1 28. Rxc1 Ne7 29. Nb5 Rd5 30. a4 Kf7 31. Rc7 Ke8 32. Rb7 Kd8 33. Rxb6 Kd7 34. Rb7+ Ke8 35. Nc7+ 1-0

[Event "*** Titled Tuesday Blitz"]
[Site "Chess.com"]
[Date "2020.02.04"]
[Round "1"]
[White "Shield12"]
[Black "cancrushyou"]
[Result "1-0"]
[WhiteElo "2894"]
[BlackElo "2498"]
[TimeControl "180+2"]
[EndTime "9:06:52 PST"]
[Termination "Shield12 won by resignation"]

1. e4 c5 2. Nf3 e6 3. d4 cxd4 4. Nxd4 Nc6 5. Nc3 Qc7 6. Be3 a6 7. Qf3 Nf6 8. O-O-O Ne5 9. Qg3 b5 10. f4 Neg4 11. Bg1 h5 12. Bd3 Bb7 13. h3 b4 14.
Nce2 h4 15. Qf3 Nh6 16. Bf2 Nf5 17. Rhe1 Be7 18. Kb1 Rc8 19. Nc1 Kf8 20. Ncb3 Nxd4 21. Bxd4 a5 22. Nd2 Bc5 23. Bxc5+ Qxc5 24. Qe2 d5 25. e5 Nh5 26. Qf3 g6 27. Nb3 Qb6 28.
Be2 a4 29. Nd4 a3 30. Qe3 axb2 31. Kxb2 Rc3 32. Rd3 Kg7 33. Nf5+ 1-0

[Event "*** Titled Tuesday Blitz"]
[Site "Chess.com"]
[Date "2020.02.04"]
[Round "1"]
[White "miroslavsavic"]
[Black "DamianoLew95"]
[Result "0-1"]
[WhiteElo "2140"]
[BlackElo "2584"]
[TimeControl "180+2"]
[EndTime "9:06:52 PST"]
[Termination "DamianoLew95 won by resignation"]

1. d4 d5 2. c4 c6 3. Nf3 Nf6 4. Nc3 dxc4 5. a4 Bf5 6. e3 Nbd7 7. Bxc4 e6 8. O-O Bb4 9. Qe2 Bg6 10. Rd1 O-O 11. Bd2 Re8 12. Na2 Bxd2 13. Nxd2 Qe7 14. Nc3 e5 15. d5 cxd5 16. Nxd5 Nxd5 17. Bxd5 Nf6 18. Bc4 Bh5 19. f3 e4 20. Re1 Rac8 21. Bb5 Red8 22. Rac1 Rxc1 23. Rxc1 h6 24. Qf2 exf3 25.
gxf3 Nd5 26. Ne4 Bg6 27. Bd3 Nf4 28. exf4 Rxd3 29. Ng3 Qd7 30. Rc2 b6 31. Re2 Kh7 32. Kg2 Bf5 33. Nxf5 Qxf5 34. Re4 Rd6 35. Qd4 Rxd4 36.
Rxd4 Qc2+ 0-1